 Dungeon Crawl Stone Soup version 0.21.0-3-g78d12a8 (webtiles) character file.

37 tidbits the Sneak (level 3, -1/18 HPs)
             Began as a Vine Stalker Wizard on Jan 10, 2018.
             Slain by an adder (2 damage)
             ... on level 2 of the Dungeon.
             The game lasted 00:04:50 (502 turns).

tidbits the Sneak (Vine Stalker Wizard)              Turns: 502, Time: 00:04:51

Health: -1/18      AC:  4    Str: 10    XL:     3   Next: 39%
Magic:  0/8        EV: 12    Int: 18    God:
Gold:   28         SH:  0    Dex: 12    Spells: 7/8 levels left

rFire    . . .     SeeInvis .   g - -2 dagger (curse)
rCold    . . .     Gourm    .   (no shield)
rNeg     . . .     Faith    .   a - +0 robe
rPois    +         Spirit   +   E - +2 hat
rElec    .         Reflect  .   (no cloak)
rCorr    .         Harm     .   (no gloves)
MR       +....                  (no boots)
Stlth    ++........             (no amulet)
HPRegen  0.06/turn              f - ring of protection from magic
MPRegen  0.11/turn              P - ring of poison resistance

@: lethally poisoned (-1 -> -7), flying, very slightly contaminated
A: fangs 2, magic shield, antimagic bite, no potion heal 3, rot immunity
a: no special abilities


You were on level 2 of the Dungeon.
You were not hungry.

You visited 1 branch of the dungeon, and saw 3 of its levels.

You collected 28 gold pieces.

Inventory:

Hand Weapons
 b - a cursed -1 dagger
 e - a +1 club
 g - a cursed -2 dagger (weapon)
Missiles
 k - 8 tomahawks (quivered)
Armour
 a - a +0 robe (worn)
 E - a +2 hat (worn)
Jewellery
 f - a ring of protection from magic (left hand)
   (You found it on level 1 of the Dungeon)
 P - a ring of poison resistance (right hand)
   (You found it on level 2 of the Dungeon)
Books
 c - a book of Minor Magic

   Spells                             Type                      Level
   a - Magic Dart                     Conjuration                  1
   b - Blink                          Translocation                2
   c - Call Imp                       Summoning                    2
   d - Slow                           Hexes                        2
   e - Conjure Flame                  Conjuration/Fire             3
   f - Mephitic Cloud                 Conjuration/Poison/Air       3
Comestibles
 d - 3 rations
 h - a chunk of flesh


   Skills:
 + Level 1.7 Fighting
 - Level 1.5 Dodging
 + Level 3.8 Stealth
 - Level 3.2 Spellcasting
 - Level 1.0 Conjurations
   Level 1.0 Summonings
   Level 1.0 Translocations


You had 7 spell levels left.
You knew the following spells:

 Your Spells              Type           Power        Failure   Level  Hunger
a - Magic Dart            Conj           #...         11%         1    None


Dungeon Overview and Level Annotations

Branches:
Dungeon (3/15)

Altars:


Innate Abilities, Weirdness & Mutations

You have extremely sharp teeth.
When hurt, damage is shared between your health and your magic reserves.
Your bite disrupts and absorbs the magic of your enemies.
Potions cannot restore your health.
You are immune to rotting.


Message History

Casting: Magic Dart
Confirm with . or Enter, or press ? or * to list all spells.
Aiming: Magic Dart
Press: ? - help, Shift-Dir - straight line, f/p - leopard gecko
Aim: a leopard gecko (severely wounded, clinging)
The magic dart hits the leopard gecko.
You kill the leopard gecko!
Casting: Magic Dart
Confirm with . or Enter, or press ? or * to list all spells.
Aiming: Magic Dart
Press: ? - help, Shift-Dir - straight line, f - adder
Aim: an adder The magic dart hits the adder.
The adder is lightly wounded.
It was a potion of flight.
You feel very buoyant.
You fly up into the air.
It was a potion of heal wounds.
That seemed strangely inert.
You closely miss the adder.
The adder is lightly wounded.
The adder bites you. The adder barely misses you.
You aren't carrying any potions.
Casting: Magic Dart
Confirm with . or Enter, or press ? or * to list all spells.
Aiming: Magic Dart
Press: ? - help, Shift-Dir - straight line, f/p - adder
Aim: an adder (lightly wounded)
You miscast Magic Dart.
You are very lightly contaminated with residual magic.
Nothing appears to happen.
The adder bites you.
* * * LOW HITPOINT WARNING * * *
Casting: Magic Dart
Confirm with . or Enter, or press ? or * to list all spells.
Aiming: Magic Dart
Press: ? - help, Shift-Dir - straight line, f/p - adder
Aim: an adder (lightly wounded)
The magic dart hits the adder.
The adder is moderately wounded.
The adder bites you.
Casting: Magic Dart
Confirm with . or Enter, or press ? or * to list all spells.
You don't have enough magic to cast that spell.
You hit the adder but do no damage. Your bite misses the adder.
The adder is moderately wounded.
The adder closely misses you. The adder barely misses you.
You barely miss the adder.
The adder is moderately wounded.
The adder bites you.
* * * LOW HITPOINT WARNING * * *
You closely miss the adder.
The adder is moderately wounded.
The adder barely misses you.
You closely miss the adder. Your bite misses the adder.
The adder is moderately wounded.
The adder bites you.
* * * LOW HITPOINT WARNING * * *
The adder barely misses you.
You barely miss the adder. Your bite misses the adder.
The adder is moderately wounded.
The adder closely misses you.
Casting: Magic Dart
Confirm with . or Enter, or press ? or * to list all spells.
Aiming: Magic Dart
Press: ? - help, Shift-Dir - straight line, f/p - adder
Aim: an adder (moderately wounded)
The magic dart hits the adder.
The adder is severely wounded.
The adder barely misses you.
You miss the adder.
The adder is severely wounded.
The adder bites you but does no damage.
You closely miss the adder. Your bite misses the adder.
The adder is severely wounded.
The adder bites you.
* * * LOW HITPOINT WARNING * * *
The adder barely misses you.
You completely miss the adder. You bite the adder, but do no damage.
The adder is severely wounded.
The adder barely misses you.
You barely miss the adder. Your bite misses the adder.
The adder is severely wounded.
The adder bites you.
* * * LOW HITPOINT WARNING * * *
You are lethally poisoned!
The adder poisons you!
You miss the adder. You bite the adder. You drain its power.
You feel invigorated.
The adder is almost dead.
* * * LOW HITPOINT WARNING * * *
You feel sick. The adder bites you.
* * * LOW HITPOINT WARNING * * *
The adder bites you.
You aren't carrying any potions.
Unknown command.
You aren't carrying any potions.
Unknown command.
You barely miss the adder.
The adder is almost dead.
The adder bites you.
You die...

# #.#.# #.#.#.#
#.#.#.#.#
#.......## #†...#
#....# #....#
#S##########
#@##...>...#
.#.##.......#
###.#.##.......#
#.. #..........#
###.######.......#
#..............###
####....########..#
..#....# #..#
#.#....# #..#


You could see an adder.

Vanquished Creatures
  An adder (D:2)
  A leopard gecko (D:2)
  2 bats
  A giant cockroach (D:1)
  4 goblins (D:1)
  5 hobgoblins
  4 jackals (D:2)
  3 frilled lizards (D:1)
  3 rats (D:1)
24 creatures vanquished.

Notes
Turn   | Place    | Note
-------+----------+-------------------------------------------
     0 | D:1      | tidbits the Vine Stalker Wizard began the quest for the Orb.
     0 | D:1      | Reached XP level 1. HP: 9/9 MP: 5/5
   119 | D:1      | Reached skill level 3 in Stealth
   119 | D:1      | Reached XP level 2. HP: 11/14 MP: 0/7
   165 | D:1      | Reached skill level 1 in Fighting
   341 | D:2      | Reached XP level 3. HP: 8/18 MP: 1/8
   461 | D:3      | Noticed an ogre
   501 | D:2      | HP: 1/18 [adder (1)]
   502 | D:2      | Slain by an adder

Skill      XL: |  1  2 |
---------------+-------+-----
Stealth        | 3 |  3.8
Fighting       | 1 |  1.7
Dodging        | |  1.5
Spellcasting   | |  3.2
Conjurations   | |  1.0
Summonings     | |  1.0
Translocations | |  1.0

Action                   || total
-------------------------++-------
Melee: Dagger            ||    40
       Unarmed           ||     3
       Bite              ||     8
 Cast: Magic Dart        ||    39
  Use: Scroll            ||     6
       Potion            ||     4
 Stab: Sleeping          ||     4
Armor: Robe              ||     8
Dodge: Dodged            ||    33

Table legend:
 A = Turns spent in this place as a percentage of turns spent in the entire game.
 B = Non-inter-level travel turns spent in this place as a percentage of non-inter-level travel turns spent in the entire game.
 C = Inter-level travel turns spent in this place as a percentage of turns spent in this place.
 D = Turns resting spent in this place as a percentage of non-inter-level travel turns spent in this place.
 E = Turns spent auto-exploring this place as a percentage of non-inter-level travel turns spent in this place.
 F = Non-inter-level travel turns spent in this place divided by the number of levels of this place that you've seen.
                   A       B       C       D       E      F
               +-------+-------+-------+-------+-------+----------------------
         Total | 100.0 | 100.0 |   2.8 |   0.0 |   0.0 | 162.7
       Dungeon | 100.0 | 100.0 |   2.8 |   0.0 |   0.0 | 162.7
               +-------+-------+-------+-------+-------+----------------------

Table legend:
 A = Kills in this place as a percentage of kills in entire the game.
 B = Kills by you in this place as a percentage of kills by you in the entire game.
 C = Kills by friends in this place as a percentage of kills by friends in the entire game.
 D = Other kills in this place as a percentage of other kills in the entire game.
 E = Experience gained in this place as a percentage of experience gained in the entire game.
 F = Experience gained in this place divided by the number of levels of this place that you have seen.
                   A       B       C       D       E      F
               +-------+-------+-------+-------+-------+----------------------
         Total | 100.0 | 100.0 |   N/A |   N/A | 100.0 |  17.7
       Dungeon | 100.0 | 100.0 |   N/A |   N/A | 100.0 |  17.7
               +-------+-------+-------+-------+-------+----------------------

Vault maps used:
D:1:      denvon_arrival_hothouse, minmay_tetromino_t2
D:2:      patterned_corridor
D:3:      kiku_gazebo_garden_becter, lemuel_round_altar
